Map: Chain of Ascension

Players

BunnyLove

  • Race: Terran Terran

Wolfcakes

  • Race: Protoss Protoss
  • Spawn Location: 11:00

VOD

Have the link to the VOD?

Description

Time

  • Played on: March 16, 2018, 5:22 p.m.
  • Length: 21:05
Show
View Real Time Build Order
Export as new Build Order

BunnyLove Terran 

Build Orders:  

Get SALT Encoding   

  12  0:05  Starport Tech Lab  
  12  0:08  SCV  
  13  0:25  Supply Depot, SCV  
  15  0:42  SCV  
  16  1:00  Assault Galleon, SCV  
  16  1:17  SCV  
  18  1:32  Assault Galleon  
  18  1:34  SCV  
  19  1:51  SCV  
  19  2:01  Assault Galleon  
  19  2:08  SCV  
  20  2:16  Refinery  
  20  2:25  SCV  
  21  2:37  Refinery  
  22  2:42  SCV  
  22  2:45  Supply Depot  
  22  2:59  SCV  
  23  3:02  Engineering Bay  
  23  3:16  SCV  
  25  3:33  SCV  
  25  3:44  Command Center  
  25  3:56  Reaper x2  
  28  4:00  SCV  
  28  4:01  Reaper  
  29  4:11  Reaper  
  29  4:23  Reaper  
  29  4:24  Reaper  
  31  4:35  LE9 Cluster Charges  
  31  4:39  SCV  
  31  4:41  Reaper  
  31  4:42  Reaper  
  31  4:46  Reaper  
  34  4:56  SCV  
  35  5:03  Reaper  
  35  5:04  Reaper  
  35  5:05  Reaper  
  39  5:13  SCV  
  39  5:17  Jetpack Overdrive, Supply Depot  
  40  5:30  SCV  
  40  5:40  Reaper x2  
  40  5:44  Reaper  
  40  5:46  Command Center  
  45  5:50  Reaper  
  45  5:52  SCV x2  
  46  6:09  SCV x2  
  48  6:12  Supply Depot  
  48  6:19  Armory  
  48  6:24  Reaper x2  
  52  6:31  SCV  
  52  6:34  SCV  
  52  6:48  SCV  
  54  6:51  SCV  
  54  6:55  Reaper  
  54  6:56  Reaper  
  56  7:05  SCV  
  56  7:08  SCV  
  57  7:19  Reaper x3  
  58  7:22  SCV  
  58  7:29  Reaper x2  
  58  7:32  Reaper  
  58  7:39  Reaper x2, SCV x2  
  62  7:46  Reaper  
  62  7:49  Reaper  
  62  7:52  Reaper  
  62  7:56  Reaper  
  62  7:58  Reaper  
  60  8:02  Reaper  
  60  8:06  Reaper  
  60  8:08  Reaper  
  63  8:12  Reaper  
  63  8:16  Reaper  
  63  8:18  Reaper, Strike Fighter Platform  
  68  8:23  Refinery  
  68  8:25  Refinery, SCV x2  
  68  8:28  Reaper  
  68  8:29  Reaper  
  74  8:41  Supply Depot  
  74  8:44  SCV x2  
  74  8:57  Reaper x2  
  78  9:01  SCV x2  
  78  9:04  Horner Weapons Level 1  
  76  9:15  Reaper x2  
  70  9:25  Reaper x2  
  70  9:29  SCV x2  
  74  9:35  Reaper x2  
  76  9:43  Strike Fighter Platform  
  76  9:45  Reaper x2  
  76  9:46  Supply Depot, SCV x2  
  76  9:47  Fusion Core  
  76  9:49  Assault Galleon  
  82  9:50  Assault Galleon  
  82  9:55  Reaper x2  
  86  10:03  SCV x2  
  86  10:05  Reaper  
  86  10:07  Reaper  
  88  10:15  Reaper  
  88  10:16  Reaper  
  94  10:20  Strike Fighter Platform  
  94  10:21  Strike Fighter Platform, Trigger Override  
  94  10:25  Reaper  
  94  10:27  Strike Fighter Platform  
  97  10:49  Reaper x2  
  99  10:59  Reaper x2  
  101  11:09  Reaper x2  
  101  11:19  Reaper x2  
  103  11:23  Assault Galleon  
  103  11:25  SCV  
  103  11:26  SCV  
  103  11:29  Reaper x2  
  107  11:38  Reaper  
  105  11:48  Reaper  
  97  11:58  Reaper  
  96  12:03  Assault Galleon  
  96  12:04  SCV  
  96  12:05  SCV  
  96  12:08  Reaper  
  98  12:12  Napalm Payload  
  98  12:16  Strike Fighter Platform  
  98  12:17  Strike Fighter Platform x2  
  98  12:18  Reaper  
  98  12:19  Multi-Threaded Sensors  
  109  12:20  Strike Fighter Platform  
  109  12:28  Reaper  
  110  12:50  Strike Fighter Platform  
  110  13:06  Reaper  
  125  13:22  Tactical Jump  
  125  13:31  Drone Hangar x4  
  125  13:33  Supply Depot  
  125  13:34  Supply Depot, Drone Hangar  
  109  14:13  Reaper x3, Hellbat  
  109  14:16  Reaper  
  109  14:19  Asteria Wraith  
  113  14:35  Reaper x2  
  113  14:37  Reaper x3  
  113  14:44  Reaper  
  113  14:45  Reaper  
  113  14:47  Reaper x2  
  113  14:48  Reaper  
  117  14:52  Asteria Wraith  
  125  15:07  Supply Depot x2  
  125  15:09  Overcharged Reactor  
  125  15:36  Reaper x2  
  125  15:38  Reaper  
  125  15:39  Reaper x2  
  130  15:46  Reaper  
  131  16:02  Reaper x2  
  132  16:10  Reaper x2  
  132  16:11  Reaper, Horner Weapons Level 2  
  132  16:12  Reaper  
  132  16:15  Reaper  
  115  16:20  Reaper x2  
  115  16:21  Reaper  
  115  16:22  Reaper  
  115  16:25  Reaper  
  115  16:28  Theia Raven  
  118  16:30  Reaper  
  118  16:35  Reaper x2  
  118  16:38  Reaper x2  
  121  16:40  Reaper, Asteria Wraith  
  121  16:48  Reaper x2  
  128  16:51  Reaper  
  128  16:57  Reaper x2  
  129  17:17  Reaper x3  
  129  17:18  Reaper x2  
  134  17:25  Supply Depot  
  134  17:27  Reaper x2  
  136  17:45  Reaper x2  
  136  17:46  Reaper x3  
  141  17:55  Reaper x2  
  141  17:56  Reaper x3  
  144  18:05  Reaper x2  
  144  18:06  Reaper  
  144  18:09  Reaper  
  139  18:10  Reaper  
  139  18:18  Reaper x3  
  139  18:19  Reaper  
  137  18:24  Reaper  
  137  18:28  Reaper  
  138  18:40  Reaper  
  138  18:41  Reaper x2  
  138  18:49  Sovereign Battlecruiser  
  151  18:51  Reaper x4  
  155  19:01  Reaper x3  
  155  19:02  Reaper  
  155  19:03  Reaper  
  159  19:11  Reaper x2  
  159  19:15  Reaper x2  
  159  19:16  Reaper  
  164  19:21  Reaper  
  164  19:24  Reaper  
  164  19:25  Reaper x2  
  160  19:31  Reaper x2  
  160  19:34  Reaper  
  160  19:37  Reaper x2  
  139  19:41  Reaper x2  
  139  19:43  Reaper  
  143  19:51  Reaper  
  143  19:52  Reaper x2  
  143  19:53  Reaper x2  
  139  20:00  Reaper  
  139  20:02  Reaper  
  139  20:03  Reaper  
  142  20:14  Reaper  
  142  20:15  Reaper x3  
  146  20:22  Reaper  
  146  20:24  Reaper  
  146  20:25  Reaper  
  146  20:26  Reaper  
Show
View Real Time Build Order
Export as new Build Order

Wolfcakes Protoss 

Build Orders:  

Get SALT Encoding   

  12  0:33  Probe (Chrono Boost)  
  13  0:47  Probe (Chrono Boost)  
  14  1:01  Probe (Chrono Boost)  
  15  16:10  Probe (Chrono Boost)  
  8  16:23  Probe (Chrono Boost)  
Tags
 
Add a new tag
Caveats
  • Supply blocks, unpowered buildings, or Contaminate may cause inaccurate times.
  • Supply counts are checked every 10 seconds.